[Event "4NCL 2021-22"]
[Site "England"]
[Date "2022.03.26"]
[Round "5.80"]
[White "Golding, William"]
[Black "Graham, Cassie M"]
[Result "1-0"]
[ECO "E68"]
[WhiteElo "1686"]
[BlackElo "1978"]
[Annotator "ChessBase"]
[PlyCount "53"]
[EventDate "2021.11.27"]
[EventType "team-tourn"]
[EventCountry "ENG"]
[SourceTitle "playchess.com"]
[Source "ChessBase"]
[SourceQuality "1"]
[TimeControl "40/6000+30:3000+30"]

1. d4 Nf6 2. c4 g6 3. Nf3 Bg7 4. g3 O-O 5. Bg2 d6 6. O-O Nbd7 7. Nc3 h6 8. e4 e5 9. d5 a5 10. Ne1 Nc5 11. Be3 b6 12. Bxc5 bxc5 13. a4 Nd7 14. Nd3 f5 15. f4 Nb6 16. Qb3 exf4 17. Nxf4 Qf6 18. Nfe2 Ba6 19. Nb5 Bxb5 20. axb5 Qxb2 21. Qd3 Qb4 22. Rac1 g5 23. exf5 a4 24. f6 Bxf6 25. Qg6+ Bg7 26. Be4 Rxf1+ 27. Rxf1 1-0

[Event "4NCL 2021-22"]
[Site "England"]
[Date "2022.03.27"]
[Round "6.2"]
[White "Wadsworth, Matthew J"]
[Black "Tan, Justin"]
[Result "1/2-1/2"]
[ECO "A37"]
[WhiteElo "2435"]
[BlackElo "2526"]
[Annotator "ChessBase"]
[PlyCount "54"]
[EventDate "2021.11.27"]
[EventType "team-tourn"]
[EventCountry "ENG"]
[SourceTitle "playchess.com"]
[Source "ChessBase"]
[SourceQuality "1"]
[TimeControl "40/6000+30:3000+30"]

1. Nf3 c5 2. g3 Nc6 3. c4 g6 4. Bg2 Bg7 5. Nc3 d6 6. O-O e6 7. a3 Nge7 8. Rb1 O-O 9. b4 b6 10. bxc5 dxc5 11. Bb2 Bb7 12. Na4 e5 13. Nxe5 Bxe5 14. Bxe5 Nxe5 15. Bxb7 Rb8 16. Bg2 Nxc4 17. d3 Ne5 18. Nc3 Qd7 19. Qd2 Rbd8 20. Ne4 f6 21. Qa2+ Kg7 22. a4 N5c6 23. a5 Nb4 24. Qc4 Qd4 25. Qb5 Qd7 26. Qc4 Qd4 27. Qb5 Qd7 1/2-1/2

[Event "4NCL 2021-22"]
[Site "England"]
[Date "2022.03.27"]
[Round "6.3"]
[White "Speelman, Jon S"]
[Black "Hebden, Mark L"]
[Result "1-0"]
[ECO "A49"]
[WhiteElo "2504"]
[BlackElo "2455"]
[Annotator "ChessBase"]
[PlyCount "145"]
[EventDate "2021.11.27"]
[EventType "team-tourn"]
[EventCountry "ENG"]
[SourceTitle "playchess.com"]
[Source "ChessBase"]
[SourceQuality "1"]
[TimeControl "40/6000+30:3000+30"]

1. d4 Nf6 2. Nf3 g6 3. g3 Bg7 4. Bg2 O-O 5. O-O d6 6. Re1 Nbd7 7. e4 e5 8. a4 a5 9. Nc3 b6 10. h3 Bb7 11. d5 Nc5 12. Nd2 Bh6 13. Nc4 Bxc1 14. Rxc1 Nh5 15. Ne3 Qg5 16. Nb5 Qe7 17. c3 Nf6 18. Qc2 c6 19. dxc6 Bxc6 20. Nc4 Rab8 21. Ncxd6 Rfd8 22. Rcd1 Rxd6 23. Nxd6 Bxa4 24. Qe2 Bxd1 25. Rxd1 Rd8 26. Nc4 Rxd1+ 27. Qxd1 Qc7 28. Qe2 a4 29. Nd2 Ne8 30. Nc4 Kf8 31. Ne3 Nf6 32. Qb5 Qd6 33. Bf3 Kg7 34. Kg2 Qd2 35. Nc4 Qd3 36. Qb4 Nfd7 37. Nxb6 Nxb6 38. Qxb6 Qc4 39. Qc7 Kf6 40. Qc6+ Ke7 41. Kg1 a3 42. Qc7+ Kf6 43. Qd6+ Qe6 44. Qxe6+ Kxe6 45. bxa3 Na4 46. Bd1 Nxc3 47. Bb3+ Ke7 48. f3 f6 49. Kf2 Kd6 50. Ke3 Kc5 51. f4 Nb5 52. a4 Nd4 53. Bg8 h6 54. fxe5 fxe5 55. Kd3 Kb4 56. a5 Kxa5 57. Kc4 Kb6 58. Kd5 Nf3 59. Bf7 g5 60. Bh5 Nd2 61. Kxe5 Kc7 62. Kf5 Kd6 63. e5+ Ke7 64. Be2 Kf7 65. g4 Ke7 66. Kg6 Ke6 67. Kxh6 Ne4 68. Bf3 Nf2 69. Bg2 Kxe5 70. Kxg5 Nd3 71. Kh6 Nf4 72. Bf1 Kf6 73. h4 1-0

[Event "4NCL 2021-22"]
[Site "England"]
[Date "2022.03.27"]
[Round "6.4"]
[White "Suarez Real, Alberto"]
[Black "McPhillips, Joseph"]
[Result "1-0"]
[ECO "B42"]
[WhiteElo "2445"]
[BlackElo "2413"]
[Annotator "NA"]
[PlyCount "104"]
[EventDate "2021.11.27"]
[EventType "team-tourn"]
[EventCountry "ENG"]
[SourceTitle "playchess.com"]
[Source "ChessBase"]
[SourceQuality "1"]
[TimeControl "40/6000+30:3000+30"]

1. e4 c5 2. Nf3 e6 3. d4 cxd4 4. Nxd4 a6 5. Bd3 Bc5 6. Nb3 Be7 7. O-O d6 8. f4 Qc7 9. Qe2 Nc6 10. Bd2 Nf6 11. c4 Nd7 12. Nc3 Bf6 13. Rae1 b6 14. e5 dxe5 {[%emt 0:01:25] [#]} 15. f5 $1 Bb7 (15... Nc5 $16) 16. fxe6 fxe6 17. Qh5+ g6 18. Qh3 Nd8 19. Be4 Qxc4 $2 ({Black should try} 19... O-O $1 $14) 20. Bxb7 Nxb7 21. Ne4 O-O 22. Bh6 Rf7 $2 (22... Be7 $16 {is tougher.}) 23. Nbd2 $2 (23. Qf3 $18) 23... Qxa2 $2 (23... Qd5 $1 $14) 24. Nf3 $2 {[%emt 0:00:24] [#]} (24. Nb3 $18) 24... Nbc5 {[%emt 0:00:02] [#]} (24... Qxb2 $2 25. Qxe6 Nbc5 26. Qd5 $18) ({Better is} 24... Qd5 $1 $17 25. Bg5 Bg7) 25. Nfg5 $11 (25. Nxe5 $1 $16 Bxe5 26. Rxf7 Bd4+ 27. Be3 Bxe3+ 28. Qxe3 (28. Rxe3 Kxf7 29. Qxh7+ Ke8 $11) 28... Kxf7 29. Nxc5 Nxc5 30. Qf3+ Kg7 31. Qxa8 Qxb2 32. Qd8) 25... Bxg5 26. Rxf7 Kxf7 27. Bxg5 Kg8 28. Nxc5 bxc5 29. Bh6 Rb8 30. Rf1 e4 31. Qg3 Qxb2 32. Qc7 Qe5 33. Qa7 Qd6 34. h3 e5 35. Kh2 g5 36. Rf5 Rc8 37. Rxg5+ Kf7 38. Rg7+ Ke6 39. Qb7 Rb8 40. Qxe4 Rb4 41. Qe3 Nf6 42. Qf2 Qd4 43. Qa2+ Qc4 44. Qa5 Rb1 45. Qc7 Qd4 46. Qf7+ Kf5 47. Rg5+ Ke4 48. Qxf6 Qg1+ 49. Kg3 Qe1+ 50. Kg4 Qe2+ 51. Kh4 Qf2+ 52. Qxf2 Kd5 1-0

[Event "4NCL 2021-22"]
[Site "England"]
[Date "2022.03.27"]
[Round "6.5"]
[White "Harvey, Marcus R"]
[Black "Kilpatrick, Callum"]
[Result "0-1"]
[ECO "A16"]
[WhiteElo "2464"]
[BlackElo "2409"]
[Annotator "ChessBase"]
[PlyCount "68"]
[EventDate "2021.11.27"]
[EventType "team-tourn"]
[EventCountry "ENG"]
[SourceTitle "playchess.com"]
[Source "ChessBase"]
[SourceQuality "1"]
[TimeControl "40/6000+30:3000+30"]

1. c4 Nf6 2. Nc3 d5 3. cxd5 Nxd5 4. Nf3 g6 5. h4 Bg7 6. h5 Nxc3 7. bxc3 c5 8. Qb3 Nc6 9. Ng5 e6 10. Ne4 b6 11. d3 f5 12. Bg5 Qc7 13. h6 Be5 14. Nd2 O-O 15. Rc1 Na5 16. Qa4 Bb7 17. Qh4 f4 18. Nf3 Rf5 19. Rh3 Raf8 20. e4 R5f7 21. Be2 Bh8 22. Nd2 Nc6 23. g3 f3 24. Bf1 Ne5 25. Bf4 Qd7 26. Bxe5 Bxe5 27. Qg5 Bf6 28. Qe3 Qd8 29. Nxf3 Bxc3+ 30. Rxc3 Rxf3 31. Qd2 Rxf2 32. Be2 Qf6 33. Rc1 Rf1+ 34. Bxf1 Qxf1# 0-1

[Event "4NCL 2021-22"]
[Site "England"]
[Date "2022.03.27"]
[Round "6.7"]
[White "McDonald, Neil"]
[Black "Golding, Alex"]
[Result "1-0"]
[ECO "C84"]
[WhiteElo "2408"]
[BlackElo "2331"]
[Annotator "NA"]
[PlyCount "127"]
[EventDate "2021.11.27"]
[EventType "team-tourn"]
[EventCountry "ENG"]
[SourceTitle "playchess.com"]
[Source "ChessBase"]
[SourceQuality "1"]
[TimeControl "40/6000+30:3000+30"]

1. e4 e5 2. Nf3 Nc6 3. Bb5 a6 4. Ba4 Nf6 5. d3 b5 6. Bb3 Be7 7. O-O d6 8. a4 Na5 9. axb5 Nxb3 10. cxb3 O-O 11. Nc3 Bb7 12. bxa6 Rxa6 13. Rxa6 Bxa6 14. Re1 c6 15. d4 Nd7 16. Be3 Qa8 17. Qc2 exd4 (17... h6 $14) 18. Bxd4 Bb7 19. Be3 Re8 20. Rd1 Bf8 21. Bf4 d5 22. exd5 cxd5 23. Qf5 Nf6 24. Be5 Be7 {[%emt 0:07:29] [#]} (24... d4 $14 25. Bxd4 (25. Bxf6 dxc3 26. Ng5 Be4 $16) 25... Rd8) 25. Bxf6 ({White should play} 25. b4 $1 $16) 25... Bxf6 26. Nxd5 Bxb2 27. h3 g6 28. Qd7 Bxd5 29. Qxd5 $14 Qa7 30. Rd2 Bc3 31. Rc2 Bf6 32. Qc4 Rb8 33. Re2 Qa1+ 34. Kh2 Qd1 35. Re3 Qd6+ 36. g3 h5 37. h4 Kg7 38. Ng5 Bxg5 39. hxg5 Rb4 40. Qc3+ Qd4 41. Kg2 Qxc3 42. Rxc3 Rb5 43. f4 Rb7 44. Kf3 f6 45. gxf6+ Kxf6 46. Ke4 Re7+ 47. Kd3 Rd7+ 48. Kc2 Kf5 49. Rc5+ Ke4 50. Rg5 Rc7+ 51. Kb2 Rc6 52. b4 Kd4 53. b5 Rf6 54. Kb3 h4 55. gxh4 Rxf4 56. Kb4 Rxh4 57. b6 Rh1 58. Kb5 Rb1+ 59. Kc6 Rc1+ 60. Kd7 Rb1 61. Kc7 Rc1+ 62. Kb8 Ke4 63. b7 Kf4 64. Rxg6 1-0

[Event "4NCL 2021-22"]
[Site "England"]
[Date "2022.03.27"]
[Round "6.8"]
[White "Kalaiyalahan, Akshaya"]
[Black "Toma, Katarzyna"]
[Result "0-1"]
[ECO "D76"]
[WhiteElo "2208"]
[BlackElo "2420"]
[Annotator "NA"]
[PlyCount "116"]
[EventDate "2021.11.27"]
[EventType "team-tourn"]
[EventCountry "ENG"]
[SourceTitle "playchess.com"]
[Source "ChessBase"]
[SourceQuality "1"]
[TimeControl "40/6000+30:3000+30"]

1. Nf3 Nf6 2. d4 g6 3. g3 Bg7 4. c4 O-O 5. Bg2 d5 6. cxd5 Nxd5 7. O-O Nb6 8. Nc3 Nc6 9. d5 Na5 10. Qc2 c6 11. dxc6 Nxc6 12. Rd1 Bd7 13. Bf4 Qc8 14. Rac1 Bh3 15. Bh1 Qf5 16. Qxf5 Bxf5 17. b3 Rac8 18. Be3 Rfd8 19. Rxd8+ Rxd8 20. Nb5 Nd5 21. Nxa7 Nxa7 22. Bxa7 Nc3 23. Re1 Nxa2 24. Bb6 Rd7 $15 25. e4 Be6 26. e5 Bxb3 27. Nd4 Bd5 28. f4 Bxh1 29. Kxh1 h6 30. Ra1 Nc3 31. Ra8+ Kh7 32. Rd8 Rxd8 33. Bxd8 e6 34. Kg2 Bf8 35. Ba5 Nd5 36. Kf3 Kg8 37. Nb5 Bc5 38. Bd2 h5 39. h3 Kf8 40. g4 hxg4+ 41. hxg4 Ke7 42. Ke4 Kd7 43. f5 Kc6 44. Nc3 Nxc3+ 45. Bxc3 b5 46. Bb2 b4 47. fxg6 fxg6 48. Bc1 Kb5 49. Kd3 Be7 50. Kd4 b3 51. Kc3 Ka4 52. g5 Bb4+ 53. Kd3 Ba3 54. Be3 b2 55. Kc2 Kb5 56. Kb1 Kc4 57. Bb6 Kd5 58. Ka2 Kxe5 0-1

[Event "4NCL 2021-22"]
[Site "England"]
[Date "2022.03.27"]
[Round "6.10"]
[White "Lupulescu, Constantin"]
[Black "Taylor, Martin R"]
[Result "1-0"]
[ECO "A06"]
[WhiteElo "2620"]
[BlackElo "2343"]
[Annotator "ChessBase"]
[PlyCount "111"]
[EventDate "2021.11.27"]
[EventType "team-tourn"]
[EventCountry "ENG"]
[SourceTitle "playchess.com"]
[Source "ChessBase"]
[SourceQuality "1"]
[TimeControl "40/6000+30:3000+30"]

1. Nf3 d5 2. e3 Nf6 3. c4 e6 4. b3 Nbd7 5. Bb2 c6 6. d4 Ne4 7. Bd3 f5 8. O-O Bd6 9. Ba3 Bxa3 10. Nxa3 Qe7 11. Nc2 b6 12. cxd5 exd5 13. b4 Bb7 14. Qc1 O-O 15. Qb2 Rf6 16. g3 Rh6 17. Nce1 g5 18. Ng2 Re6 19. Nd2 a5 20. a3 Rf6 21. f3 Nd6 22. Rac1 h6 23. Rfe1 Re6 24. Nb3 axb4 25. axb4 Ra4 26. Nd2 b5 27. Ra1 Nb6 28. Rxa4 Nxa4 29. Qc2 Rf6 30. Nb3 Nc4 31. Nc5 Nxc5 32. bxc5 Bc8 33. e4 fxe4 34. fxe4 dxe4 35. Rxe4 Be6 36. Qe2 Qd7 37. h4 Bd5 38. Re8+ Rf8 39. Re7 Qh3 40. Be4 Rf7 41. Rxf7 Bxf7 42. Bxc6 Qxg3 43. hxg5 hxg5 44. Bxb5 Qc3 45. Qg4 Kf8 46. Bxc4 Bxc4 47. Kh2 Bf7 48. Qc8+ Kg7 49. Qd8 Kg6 50. Qd6+ Kh5 51. c6 Bg6 52. Qe6 Bd3 53. Qf7+ Kg4 54. Ne3+ Kh4 55. Qf3 Qb2+ 56. Ng2+ 1-0

[Event "4NCL 2021-22"]
[Site "England"]
[Date "2022.03.27"]
[Round "6.11"]
[White "Cox, John J"]
[Black "Parligras, Mircea-Emilian"]
[Result "0-1"]
[ECO "E55"]
[WhiteElo "2319"]
[BlackElo "2575"]
[Annotator "ChessBase"]
[PlyCount "76"]
[EventDate "2021.11.27"]
[EventType "team-tourn"]
[EventCountry "ENG"]
[SourceTitle "playchess.com"]
[Source "ChessBase"]
[SourceQuality "1"]
[TimeControl "40/6000+30:3000+30"]

1. c4 e6 2. d4 Nf6 3. Nc3 Bb4 4. e3 O-O 5. Bd2 d5 6. Nf3 b6 7. Bd3 dxc4 8. Bxc4 Bb7 9. O-O Nbd7 10. Qe2 c5 11. Rfd1 cxd4 12. Nxd4 a6 13. a3 Bd6 14. Be1 Qe7 15. Rac1 b5 16. Ba2 Rac8 17. f3 Rfd8 18. e4 Bf4 19. Bd2 Bb8 20. Be1 Ne5 21. Bf2 Ng6 22. Nb3 Nf4 23. Qf1 Nd7 24. Ne2 Ng6 25. Rxc8 Rxc8 26. Rc1 Rd8 27. Na5 Ba8 28. Nc6 Bxc6 29. Rxc6 Nde5 30. Rxa6 Nd3 31. Be3 Qb7 32. Rb6 Qc7 33. Rxb8 Qxb8 34. Nd4 Nge5 35. f4 Ng4 36. Qxd3 Qb6 37. Qxb5 Qxb5 38. Nxb5 Rd1# 0-1

[Event "4NCL 2021-22"]
[Site "England"]
[Date "2022.03.27"]
[Round "6.12"]
[White "Cyborowski, Lukasz"]
[Black "Griffiths, Ryan Rhys"]
[Result "0-1"]
[ECO "B13"]
[WhiteElo "2494"]
[BlackElo "2352"]
[Annotator "ChessBase"]
[PlyCount "148"]
[EventDate "2021.11.27"]
[EventType "team-tourn"]
[EventCountry "ENG"]
[SourceTitle "playchess.com"]
[Source "ChessBase"]
[SourceQuality "1"]
[TimeControl "40/6000+30:3000+30"]

1. Nf3 c5 2. e3 Nf6 3. d4 cxd4 4. exd4 d5 5. c3 Nc6 6. Bf4 e6 7. Nbd2 Bd6 8. Bxd6 Qxd6 9. Bd3 O-O 10. Qe2 Nd7 11. O-O e5 12. dxe5 Ndxe5 13. Nxe5 Nxe5 14. Rae1 Re8 15. Qe3 Bd7 16. Nf3 Nc4 17. Qc1 Qb6 18. Bxc4 dxc4 19. Nd4 Qf6 20. Qd2 Bc6 21. Rxe8+ Rxe8 22. Re1 Rxe1+ 23. Qxe1 Qg6 24. f3 h5 25. h4 Qf6 26. Qg3 Kh7 27. Kf1 a6 28. Kf2 Bd7 29. Kg1 Qb6 30. Qf2 g6 31. Kh2 Qd6+ 32. Qg3 Qb6 33. Qe5 Qd8 34. Kg3 Kg8 35. Qd6 Kg7 36. Qe5+ Kg8 37. Qd6 Kg7 38. Ne2 Qe8 39. Kf2 Kg8 40. Qd4 b5 41. Qd6 Bc6 42. Nd4 Bb7 43. Nc2 Kg7 44. Ne3 Qc6 45. Qe7 Kg8 46. Nc2 Qd5 47. Nd4 Kg7 48. Ke3 Kg8 49. Kf4 Kh7 50. Qf8 Ba8 51. Qe7 Bb7 52. a3 Kg8 53. Ke3 Kg7 54. Kd2 Bc8 55. Ke3 Bb7 56. Ke2 Bc8 57. Kd2 Bb7 58. Kc1 Bc8 59. Kb1 Bf5+ 60. Ka2 Bd3 61. g3 Kg8 62. a4 bxa4 63. Ka3 Bf5 64. Kxa4 Bc2+ 65. Kb4 Bd1 66. Qc5 Qb7+ 67. Kxc4 Qxb2 68. Kd3 Qf2 69. Qc8+ Kg7 70. Ne6+ Kf6 71. Ng5 Bc2+ 72. Kc4 Qe2+ 73. Kc5 Qb5+ 74. Kd6 Qd3+ 0-1

[Event "4NCL 2021-22"]
[Site "England"]
[Date "2022.03.27"]
[Round "6.13"]
[White "Sowray, Peter J"]
[Black "Jaracz, Pawel"]
[Result "0-1"]
[ECO "E27"]
[WhiteElo "2226"]
[BlackElo "2459"]
[Annotator "ChessBase"]
[PlyCount "74"]
[EventDate "2021.11.27"]
[EventType "team-tourn"]
[EventCountry "ENG"]
[SourceTitle "playchess.com"]
[Source "ChessBase"]
[SourceQuality "1"]
[TimeControl "40/6000+30:3000+30"]

1. d4 Nf6 2. c4 e6 3. Nc3 Bb4 4. a3 Bxc3+ 5. bxc3 O-O 6. f3 d5 7. cxd5 exd5 8. e3 Nh5 9. Qc2 Re8 10. g4 Nf4 11. h4 c5 12. Kf2 Ne6 13. Bd3 Nf8 14. dxc5 Nbd7 15. c4 Nxc5 16. Bb2 Qe7 17. Re1 dxc4 18. Bxc4 Be6 19. Nh3 Rac8 20. Nf4 Bxc4 21. Qxc4 Red8 22. Qb4 Nfe6 23. Kg3 Rd6 24. Be5 Rd7 25. Rd1 Rcd8 26. Rxd7 Qxd7 27. Nxe6 Nxe6 28. Rb1 b6 29. a4 Qd3 30. Qb3 Qe2 31. Qc3 Rd2 32. Qc8+ Nf8 33. Kf4 Rc2 34. Qd8 Qh2+ 35. Ke4 Rc4+ 36. Bd4 Qc2+ 37. Kd5 Rc8 0-1

[Event "4NCL 2021-22"]
[Site "England"]
[Date "2022.03.27"]
[Round "6.14"]
[White "Bobras, Piotr"]
[Black "Chapman, Terry P D"]
[Result "1-0"]
[ECO "B15"]
[WhiteElo "2500"]
[BlackElo "2240"]
[Annotator "ChessBase"]
[PlyCount "105"]
[EventDate "2021.11.27"]
[EventType "team-tourn"]
[EventCountry "ENG"]
[SourceTitle "playchess.com"]
[Source "ChessBase"]
[SourceQuality "1"]
[TimeControl "40/6000+30:3000+30"]

1. e4 c6 2. d4 d5 3. Nc3 dxe4 4. Nxe4 Nf6 5. Nxf6+ exf6 6. Bc4 Be7 7. Ne2 Na6 8. O-O Nc7 9. Bf4 O-O 10. Re1 Re8 11. Qd3 Bd6 12. Qg3 Bxf4 13. Qxf4 Be6 14. Bd3 Nd5 15. Qd2 Qd7 16. c4 Ne7 17. Rad1 Rad8 18. b3 Bf5 19. h3 Bxd3 20. Qxd3 g6 21. Nc3 Kg7 22. d5 cxd5 23. Nxd5 Nxd5 24. Rxe8 Qxe8 25. cxd5 Rd6 26. a4 a5 27. Qc3 Qd8 28. Qc4 h5 29. h4 b6 30. g3 Qd7 31. Kg2 Kh6 32. Qe4 Kg7 33. Rd3 Kf8 34. Rd2 Kg7 35. Kh2 Kh7 36. Kg1 Kg7 37. Kg2 Kf8 38. Rd4 Kg7 39. Qf3 Qe7 40. Rc4 Qe5 41. Rc6 Rxc6 42. dxc6 f5 43. Qd3 f4 44. Qc4 Qc7 45. gxf4 Kf8 46. Kf3 Ke7 47. Qd5 f6 48. Ke4 Qc8 49. f5 gxf5+ 50. Kf4 Qc7+ 51. Kxf5 Kf8 52. f3 Qh7+ 53. Kxf6 1-0

[Event "4NCL 2021-22"]
[Site "England"]
[Date "2022.03.27"]
[Round "6.15"]
[White "French, Max"]
[Black "Kolbus, Dietmar"]
[Result "0-1"]
[ECO "D36"]
[WhiteElo "2246"]
[BlackElo "2305"]
[Annotator "NA"]
[PlyCount "108"]
[EventDate "2021.11.27"]
[EventType "team-tourn"]
[EventCountry "ENG"]
[SourceTitle "playchess.com"]
[Source "ChessBase"]
[SourceQuality "1"]
[TimeControl "40/6000+30:3000+30"]

1. d4 d5 2. c4 e6 3. Nc3 Nf6 4. cxd5 exd5 5. Bg5 c6 6. e3 Be7 7. Bd3 Nbd7 8. Qc2 Nf8 9. Nf3 Ne6 10. Bh4 g6 11. Bg3 Ng7 12. Rb1 Bf5 13. O-O O-O 14. b4 a6 15. a4 Bxd3 16. Qxd3 b5 17. Rfc1 Rc8 18. e4 dxe4 19. Nxe4 Ne6 20. Be5 Nxe4 21. Qxe4 Qd5 22. Qe3 (22. Qc2 $15) 22... Rfe8 23. h4 (23. axb5 $15 axb5 24. Re1) 23... f6 24. Bg3 Bf8 25. Qc3 Red8 (25... bxa4 $17 26. Qa1 Qb5) 26. Rd1 Kf7 $15 27. a5 Bh6 28. Qc2 Qc4 29. Qe4 Re8 30. Qd3 Qxd3 31. Rxd3 Red8 32. Rdd1 Rd5 33. Rb3 c5 34. bxc5 Rcxc5 35. dxc5 Rxd1+ 36. Kh2 Nxc5 37. Rc3 Bf8 38. Bf4 Ke6 39. Be3 Kd5 40. Nd2 Bd6+ 41. g3 b4 42. Rc2 b3 43. Rb2 Be5 44. Nxb3 Bxb2 45. Nxc5 Ba3 46. Nd7 Be7 47. g4 Kc6 48. Nb6 Kb5 49. Nc8 Bb4 50. h5 Kxa5 51. Kg2 Ka4 52. Kf3 Kb3 53. g5 f5 54. Kf4 a5 0-1

[Event "4NCL 2021-22"]
[Site "England"]
[Date "2022.03.27"]
[Round "6.16"]
[White "Terbe, Julianna"]
[Black "Ratnesan, Radha"]
[Result "1-0"]
[ECO "E06"]
[WhiteElo "2285"]
[BlackElo "1623"]
[Annotator "NA"]
[PlyCount "93"]
[EventDate "2021.11.27"]
[EventType "team-tourn"]
[EventCountry "ENG"]
[SourceTitle "playchess.com"]
[Source "ChessBase"]
[SourceQuality "1"]
[TimeControl "40/6000+30:3000+30"]

1. Nf3 Nf6 2. g3 e6 3. Bg2 d5 4. O-O Be7 5. d4 O-O 6. c4 c5 7. cxd5 Nxd5 8. e4 Nf6 9. e5 Nd5 10. Nbd2 Nc6 11. dxc5 Bxc5 12. Ne4 Be7 $1 13. Qe2 Qc7 14. Nc3 Nxc3 15. bxc3 b6 16. Nd4 Bb7 17. Nb5 Qc8 18. Bf4 Ba6 19. Rfd1 Bc5 20. a4 Rb8 21. Qg4 Ne7 22. Nxa7 Qc7 23. Nb5 Bxb5 24. axb5 Rfd8 25. Qe2 Rd7 26. g4 Ng6 (26... Rbd8 $14 {feels stronger.}) 27. Bg3 h6 28. Be4 Ne7 29. Kg2 $16 (29. Rxd7 $18 Qxd7 30. Rd1) 29... Rbd8 30. Rxd7 Qxd7 31. h4 Nd5 32. Rc1 Nc7 33. c4 Qd2 34. Qf1 Qd4 35. Bf3 Qd7 36. Ra1 Ne8 37. Qe2 Kh7 38. h5 Qc7 39. Bc6 Qe7 40. Kh3 Bb4 41. Bh4 f6 42. Qe4+ Kg8 43. Bxe8 Rxe8 44. exf6 gxf6 45. Qg6+ Kf8 46. Bxf6 Qf7 47. Qxh6+ 1-0

[Event "4NCL 2021-22"]
[Site "England"]
[Date "2022.03.27"]
[Round "6.17"]
[White "O'Donnell, Conor"]
[Black "Pert, Nicholas"]
[Result "1/2-1/2"]
[ECO "E21"]
[WhiteElo "2281"]
[BlackElo "2546"]
[Annotator "ChessBase"]
[PlyCount "38"]
[EventDate "2021.11.27"]
[EventType "team-tourn"]
[EventCountry "ENG"]
[SourceTitle "playchess.com"]
[Source "ChessBase"]
[SourceQuality "1"]
[TimeControl "40/6000+30:3000+30"]

1. d4 Nf6 2. c4 e6 3. Nc3 Bb4 4. e3 O-O 5. Bd2 b6 6. Nf3 Bxc3 7. Bxc3 Ne4 8. Rc1 Bb7 9. Be2 d6 10. O-O Nd7 11. Nd2 Nxc3 12. Rxc3 c5 13. dxc5 dxc5 14. Bf3 Qc7 15. Bxb7 Qxb7 16. Nf3 Rad8 17. Rd3 Qc7 18. Qd2 Nb8 19. Rd1 Nc6 1/2-1/2

[Event "4NCL 2021-22"]
[Site "England"]
[Date "2022.03.27"]
[Round "6.18"]
[White "Pert, Richard G"]
[Black "Derakhshani, Borna"]
[Result "1/2-1/2"]
[ECO "D10"]
[WhiteElo "2415"]
[BlackElo "2371"]
[Annotator "NA"]
[PlyCount "87"]
[EventDate "2021.11.27"]
[EventType "team-tourn"]
[EventCountry "ENG"]
[SourceTitle "playchess.com"]
[Source "ChessBase"]
[SourceQuality "1"]
[TimeControl "40/6000+30:3000+30"]

1. d4 d5 2. c4 c6 3. Nc3 dxc4 4. e3 b5 5. a4 b4 6. Ne4 Qd5 7. Ng3 Nf6 8. Nf3 Ba6 9. Be2 Nbd7 10. O-O e6 11. b3 Be7 12. Nd2 O-O 13. Nxc4 Bxc4 14. Bxc4 (14. bxc4 $16 Qa5 15. c5) 14... Qa5 $1 15. Bb2 Rfd8 16. Qe2 Nb6 17. Rac1 Rac8 ({Black should try} 17... Nbd5 $14) 18. Ba6 Rc7 19. Rc2 Qd5 20. Bc4 ({White should play} 20. e4 $16 Qd7 21. Rfc1) 20... Nxc4 21. Rxc4 Rdc8 22. Rfc1 Qa5 23. Qf3 Qb6 24. h3 h6 25. Ne4 Nxe4 26. Qxe4 Bf6 27. R1c2 $11 (27. Qg4 $14) 27... c5 28. Qf4 Rc6 29. dxc5 Rxc5 30. Rxc5 Rxc5 31. Rxc5 Qxc5 32. Bxf6 gxf6 33. Qxf6 Qc1+ 34. Kh2 Qd1 35. Qxh6 Qxb3 36. Qg5+ Kh7 37. Qh5+ Kg8 38. Qg5+ Kh7 39. Qh4+ Kg8 40. Qg3+ Kh7 41. Qh4+ Kg8 42. Qg3+ Kh7 43. Qh4+ Kg8 44. Qg5+ 1/2-1/2

[Event "4NCL 2021-22"]
[Site "England"]
[Date "2022.03.27"]
[Round "6.19"]
[White "Willow, Jonah B"]
[Black "Kirk, Ezra"]
[Result "0-1"]
[ECO "C03"]
[WhiteElo "2365"]
[BlackElo "2438"]
[Annotator "NA"]
[PlyCount "86"]
[EventDate "2021.11.27"]
[EventType "team-tourn"]
[EventCountry "ENG"]
[SourceTitle "playchess.com"]
[Source "ChessBase"]
[SourceQuality "1"]
[TimeControl "40/6000+30:3000+30"]

1. e4 e6 2. d4 d5 3. Nd2 h6 4. Ngf3 Nf6 5. Bd3 c5 6. e5 Nfd7 7. c3 Nc6 8. O-O g5 9. h3 h5 10. Re1 g4 11. Nh2 cxd4 12. cxd4 gxh3 13. Ndf3 Rg8 14. g3 Bb4 15. Bd2 Be7 16. Bf1 (16. Kh1 $1 $14) 16... h4 17. g4 Qb6 18. Bc3 f6 19. Bxh3 (19. b4 $1 $14) 19... fxe5 20. dxe5 Nc5 21. Bd4 Nxd4 22. Qxd4 Bd7 23. b4 Ne4 24. Qxb6 axb6 25. a3 Ng5 26. Nxg5 Bxg5 27. Nf3 Bf4 28. Red1 Rc8 $17 29. Rd4 Bc1 30. Rd1 Bb2 31. Ra2 Bc3 32. Re2 Ba4 33. Rc1 Ke7 34. Ne1 Rgf8 35. Bg2 Rf4 36. Re3 d4 37. Re4 Rxe4 38. Bxe4 Bc6 39. Bd3 Bd2 40. Rd1 Bf4 41. Be2 h3 42. Bf3 Bxf3 43. Nxf3 d3 0-1

[Event "4NCL 2021-22"]
[Site "England"]
[Date "2022.03.27"]
[Round "6.20"]
[White "Eggleston, David J"]
[Black "Fitzsimons, David"]
[Result "1/2-1/2"]
[ECO "B15"]
[WhiteElo "2343"]
[BlackElo "2369"]
[Annotator "ChessBase"]
[PlyCount "33"]
[EventDate "2021.11.27"]
[EventType "team-tourn"]
[EventCountry "ENG"]
[SourceTitle "playchess.com"]
[Source "ChessBase"]
[SourceQuality "1"]
[TimeControl "40/6000+30:3000+30"]

1. e4 g6 2. d4 Bg7 3. Nf3 c6 4. Nc3 d5 5. h3 Nf6 6. Bd3 dxe4 7. Nxe4 Nxe4 8. Bxe4 Nd7 9. c3 O-O 10. Bg5 Qb6 11. Qd2 e5 12. dxe5 Nxe5 13. Nxe5 Bxe5 14. O-O Be6 15. Bh6 Rad8 16. Qc2 Bg7 17. Bxg7 1/2-1/2

[Event "4NCL 2021-22"]
[Site "England"]
[Date "2022.03.27"]
[Round "6.21"]
[White "Haydon, David L"]
[Black "Arkell, Keith C"]
[Result "1/2-1/2"]
[ECO "A39"]
[WhiteElo "2294"]
[BlackElo "2380"]
[Annotator "ChessBase"]
[PlyCount "28"]
[EventDate "2021.11.27"]
[EventType "team-tourn"]
[EventCountry "ENG"]
[SourceTitle "playchess.com"]
[Source "ChessBase"]
[SourceQuality "1"]
[TimeControl "40/6000+30:3000+30"]

1. Nf3 Nf6 2. c4 c5 3. Nc3 g6 4. g3 Nc6 5. Bg2 Bg7 6. O-O O-O 7. d4 cxd4 8. Nxd4 Nxd4 9. Qxd4 d6 10. b3 Ne4 11. Qxe4 Bxc3 12. Bh6 Bxa1 13. Bxf8 Qxf8 14. Rxa1 Rb8 1/2-1/2

[Event "4NCL 2021-22"]
[Site "England"]
[Date "2022.03.27"]
[Round "6.22"]
[White "Steil-Antoni, Fiona"]
[Black "Yao, Lan"]
[Result "1-0"]
[ECO "B07"]
[WhiteElo "2163"]
[BlackElo "2297"]
[Annotator "ChessBase"]
[PlyCount "71"]
[EventDate "2021.11.27"]
[EventType "team-tourn"]
[EventCountry "ENG"]
[SourceTitle "playchess.com"]
[Source "ChessBase"]
[SourceQuality "1"]
[TimeControl "40/6000+30:3000+30"]

1. e4 d6 2. d4 Nf6 3. Bd3 e5 4. c3 Be7 5. Nf3 Nbd7 6. O-O O-O 7. Re1 c6 8. Nbd2 Re8 9. Nf1 Bf8 10. Ng3 g6 11. h3 Bg7 12. Be3 h6 13. Qd2 Kh7 14. Rad1 Qc7 15. Bb1 b5 16. Nh2 Bb7 17. f4 c5 18. fxe5 dxe5 19. d5 Qd6 20. Rf1 Rac8 21. b3 Nb6 22. Rf3 Rf8 23. Rdf1 Rc7 24. Rxf6 Bxf6 25. Bxh6 Rh8 26. Ng4 Bh4 27. Bg5 Kg8 28. Bxh4 Rxh4 29. Qg5 Rxg4 30. hxg4 c4 31. b4 Nd7 32. Nf5 Qb6+ 33. Kh1 Nf8 34. Ne7+ Kg7 35. d6 Nh7 36. Rxf7+ 1-0